 Dungeon Crawl Stone Soup version 0.26.0-16-gc1dbca0489 (webtiles) character file.

Game seed: 1400108007678435950

910 FreshCat the Cleaver (level 8, -2/70 HPs)
             Began as a Hill Orc Monk on Jan 18, 2021.
             Was an Elder of Beogh.
             Slain by an orc warrior
             ... wielding a +0 halberd
              (16 damage)
             ... on level 6 of the Dungeon.
             The game lasted 00:20:21 (6527 turns).

FreshCat the Cleaver (Hill Orc Monk)                Turns: 6527, Time: 00:20:21

Health: -2/70      AC:  5    Str: 16    XL:     8   Next: 8%
Magic:  8/8        EV: 13    Int: 10    God:    Beogh [****..]
Gold:   244        SH:  0    Dex: 13    Spells: 7/7 levels left

rFire    + . .     SeeInvis .   a - +1 hand axe
rCold    x . .     Faith    .   (no shield)
rNeg     . . .     Spirit   .   p - +0 leather armour
rPois    .         Reflect  .   m - +0 helmet
rElec    .         Harm     .   (no cloak)
rCorr    .         Rampage  .   b - +0 pair of gloves
Will     .....                  (no boots)
Stlth    ++........             (no amulet)
HPRegen  0.21/turn              i - ring of fire
MPRegen  0.11/turn              v - +4 ring of slaying

@: no status effects
A: no striking features
a: Renounce Religion, Smiting, Recall Orcish Followers


You were on level 6 of the Dungeon.
You worshipped Beogh.
Beogh was greatly pleased with you.
You visited 2 branches of the dungeon, and saw 8 of its levels.

You collected 244 gold pieces.

Inventory:

Hand Weapons
 a - a +1 hand axe (weapon)
Missiles
 j - 125 stones
 o - 4 boomerangs (quivered)
Armour
 b - a +0 pair of gloves (worn)
 m - a +0 helmet (worn)
 p - a +0 leather armour (worn)
Jewellery
 i - a ring of fire (left hand)
 k - an uncursed ring of ice
 v - a +4 ring of slaying (right hand)
Wands
 d - a wand of flame (35)
 r - a wand of random effects (18)
 t - a wand of disintegration (15)
Scrolls
 f - 2 scrolls of enchant weapon
 w - a scroll of remove curse
Potions
 c - 4 potions of lignification
 e - a potion of attraction {unknown}
 g - 2 potions of berserk rage {unknown}
 h - 2 potions of might
 l - 3 potions of flight {unknown}
 n - 3 potions of heal wounds
 q - a potion of magic {unknown}
 s - a potion of degeneration {unknown}
 u - a potion of brilliance {unknown}


   Skills:
 + Level 5.7 Fighting
 + Level 8.3 Axes
 + Level 2.8 Armour
 + Level 4.1 Dodging
 + Level 3.1 Stealth


You had 7 spell levels left.
You didn't know any spells.
Your spell library contained the following spells:

 Spells                   Type           Power        Failure   Level
 Animate Skeleton         Necr           0%           41%         1
 Pain                     Necr           0%           41%         1
 Vampiric Draining        Necr           0%           80%         3
 Animate Dead             Necr           0%           99%         4
 Agony                    Necr           0%           100%        5


Dungeon Overview and Level Annotations

Branches:
Dungeon (7/15)             Temple (1/1) D:4

Altars:
Hepliaklqana
Qazlal
Trog
Vehumet
Xom

Annotations:
D:5 2 runed translucent doors, Mandevil's ghost, novice OgHu


Message History

Your orc priest hits the adder with a +0 club.
Blork the orc completely misses the adder.
Your Axes skill increases to level 8!
Your Stealth skill increases to level 3!
You have reached level 8!
The adder barely misses you.
Your orc wizard hits the orc warrior but does no damage.
The orc warrior hits you with a +0 halberd!
* * * LOW HITPOINT WARNING * * *
Your orc priest hits the adder with a +0 club.
The adder dies!
Beogh accepts your kill.
Blork the orc closely misses the orc warrior.
Things that are here:
a +2 vorpal long sword; +0 steam dragon scales You closely miss the orc warrior.
Your orc wizard hits the orc warrior but does no damage.
The orc warrior hits you with a +0 halberd!
You die...
Beogh appreciates the orc warrior's killing of a heretic priest.

.........ooo...........
#####.######†((........
......###...........
######.##.).............
........$..####.........
........................
.......)..^..###....##..
.......o)....# ###..##..
.)....o@o....# #......
......o......# #..##..
...........$.# #. #..
.............# # #...
............## ....)
.$.........## ......
...##.#./.## #..........
.≈. ##..... ##/.......
..........


You could see an orc warrior, the friendly Blork the orc, a friendly orc priest
(very poisoned) and a friendly orc wizard.

Vanquished Creatures
  Maggie (D:6)
  An ogre (D:4)
  A quasit (D:5)
  2 bullfrog skeletons (D:4)
  A bullfrog zombie (D:3)
  A hound (D:3)
  2 orc priests
  2 orc wizards
  2 worker ants (D:4)
  Robin (D:2)
  4 adders (D:3)
  3 oozes
  2 worms
  6 leopard geckos
  11 orcs
  2 giant cockroaches
  12 goblins
  12 hobgoblins
  5 jackals
  A quokka (D:4)
  A ball python (D:3)
  4 bats
  12 frilled lizards
  10 kobolds
  A quokka skeleton (D:4)
  10 rats
110 creatures vanquished.

Vanquished Creatures (collateral kills)
  A big kobold (D:5)
  A hound (D:5)
  An orc priest (D:4)
  A bullfrog skeleton (D:4)
  An orc wizard (D:4)
  A worker ant (D:4)
  An adder (D:6)
  An orc (D:6)
  A kobold (D:5)
9 creatures vanquished.

Vanquished Creatures (others)
  3 orc priests
  A dart slug (D:3)
  8 orcs
  2 bats (D:3)
  6 goblins (D:3)
  4 plants (D:1)
24 creatures vanquished.

Grand Total: 143 creatures vanquished

Notes
Turn   | Place    | Note
-------+----------+-------------------------------------------
     0 | D:1      | FreshCat the Hill Orc Monk began the quest for the Orb.
     0 | D:1      | Reached XP level 1. HP: 19/19 MP: 1/1
   651 | D:1      | Reached XP level 2. HP: 25/27 MP: 2/2
  1108 | D:1      | Reached XP level 3. HP: 11/33 MP: 3/3
  1734 | D:3      | Became a worshipper of Beogh the Brigand
  1734 | D:3      | Reached * piety under Beogh
  1734 | D:3      | Reached ** piety under Beogh
  1829 | D:2      | Found a faded altar of an unknown god.
  1895 | D:2      | Found a shimmering altar of Xom.
  2167 | D:3      | Reached skill level 5 in Axes
  2167 | D:3      | Reached XP level 4. HP: 19/40 MP: 4/4
  2477 | D:2      | Found a radiant altar of Vehumet.
  2817 | D:3      | Noticed Robin
  3030 | D:2      | Killed Robin
  3031 | D:2      | Reached XP level 5. HP: 17/47 MP: 5/5
  3672 | D:3      | Found a stormy altar of Qazlal.
  3828 | D:3      | Reached skill level 6 in Axes
  3963 | D:4      | Reached XP level 6. HP: 44/53 MP: 6/6
  4083 | D:3      | Found a bloodstained altar of Trog.
  4090 | D:3      | Reached *** piety under Beogh
  4769 | D:4      | Reached skill level 1 in Armour
  4931 | D:5      | Entered Level 5 of the Dungeon
  5015 | D:4      | Found a staircase to the Ecumenical Temple.
  5021 | Temple   | Entered the Ecumenical Temple
  5095 | D:4      | Reached skill level 5 in Fighting
  5095 | D:4      | Reached skill level 7 in Axes
  5095 | D:4      | Reached XP level 7. HP: 55/61 MP: 7/7
  5159 | D:4      | Found a hazy altar of Hepliaklqana.
  6112 | D:5      | Found a large runed translucent door.
  6113 | D:5      | Found a large runed translucent door.
  6119 | D:5      | Noticed Mandevil's ghost (novice OgHu)
  6509 | D:6      | Noticed Maggie
  6511 | D:6      | Noticed Blork the orc
  6512 | D:6      | Reached **** piety under Beogh
  6525 | D:6      | Killed Maggie
  6526 | D:6      | Reached skill level 8 in Axes
  6526 | D:6      | Reached XP level 8. HP: 23/69 MP: 8/8
  6527 | D:6      | Slain by an orc warrior

Illustrated notes

Levels and vault maps discovered:
D:1:      mainiacjoe_arrival_reflecting_pool, layout_loops_ring,
          serial_bayou_pond_e, minmay_lizard_king
D:2:      layout_loops_ring, xom_teletrap_fun, vehumet_crystals,
          chequers_ecumenical_altar_simple_redux, bh_walls_and_bars
D:3:      layout_basic, general_overflow_altar, eino_tiny_chamber,
          grunt_qazlal_clouds, uniq_robin
D:4:      layout_basic, nzn_hepliaklqana_mist_gate,
          minmay_temple_entry_purple_smoke, minmay_misc_feat_room
D:5:      layout_loops_ring, ebering_ghost_disaster_area,
          minmay_misc_feat_four_crosses
D:6:      layout_rooms, amcnicky_mini_pool_medium, uniq_crazy_yiuf_cottage,
          uniq_blork_the_orc, uniq_maggie
D:7:      layout_loops_ring
Temple:   nicolae_temple_elliptical

Skill      XL: |  1  2  3  4  5  6  7 |
---------------+----------------------+-----
Fighting       | 4 5 |  5.7
Stealth        | 2 3 |  3.1
Axes           | 5 6 7 8 |  8.3
Dodging        | 3 4 |  4.1
Armour         | 1 2 |  2.8

Action                   |  1- 3 |  4- 6 |  7- 9 || total
-------------------------+-------+-------+-------++-------
Melee: Hand axe          |   135 |   221 |    77 ||   433
Throw: Stone             |       |    15 |       ||    15
       Boomerang         |       |     2 |     6 ||     8
Invok: Convert to Beogh  |     1 |       |       ||     1
Evoke: Wand              |       |       |     1 ||     1
  Use: Scroll            |     4 |     3 |     3 ||    10
 Stab: Sleeping          |     4 |     2 |     2 ||     8
       Distracted        |       |       |     1 ||     1
Armor: Robe              |    17 |    10 |       ||    27
       Leather armour    |       |    24 |    21 ||    45
       Animal skin       |       |     2 |       ||     2
Dodge: Dodged            |    61 |   148 |    58 ||   267
